 Dungeon Crawl Stone Soup version 0.29.1-15-g9cfb28693d (webtiles) character file.

Game seed: 2401675937411439249

79 protoss039 the Digger (level 4, 0/32 HPs)
             Began as a Demonspawn Earth Elementalist on Mar 9, 2023.
             Killed by nerve-wracking pain
             ... invoked by a shadow imp
             ... summoned by Natasha
              (2 damage)
             ... on level 2 of the Dungeon.
             The game lasted 00:01:54 (2061 turns).

protoss039 the Digger (DsEE)                        Turns: 2061, Time: 00:01:55

Health: 0/32       AC:  6    Str:  8    XL:     4   Next: 16%
Magic:  4/7        EV: 10    Int: 18    God:
Gold:   73         SH:  0    Dex: 14    Spells: 5/8 levels left

rFire   . . .      SeeInvis .   h - +0 dagger
rCold   . . .      Faith    .   (no shield)
rNeg    . . .      Spirit   .   c - +0 ring mail
rPois   .          Reflect  .   (no helmet)
rElec   .          Harm     .   (no cloak)
rCorr   .          Rampage  .   (no gloves)
Will    .....                   l - +0 pair of boots
Stlth   +.........              (no amulet)
HPRegen 0.10/turn               (no ring)
MPRegen 0.10/turn               (no ring)

@: no status effects
A: demonic magic 1
a: no special abilities


You were on level 2 of the Dungeon.
You visited 1 branch of the dungeon, and saw 2 of its levels.

You collected 73 gold pieces.

Inventory:

Hand Weapons
 h - a +0 dagger (weapon)
Armour
 c - a +0 ring mail (worn)
 l - a +0 pair of boots (worn)
Wands
 r - a wand of paralysis (10)
Scrolls
 g - 3 scrolls of magic mapping {unknown}
 i - a scroll of identify {unknown}
 j - a scroll of noise {unknown}
 m - a scroll of enchant armour {unknown}
 n - a scroll of butterflies {unknown}
Potions
 a - a potion of haste {unknown}
 b - 2 potions of magic
 d - a potion of invisibility {unknown}
 e - a potion of might
 f - 4 potions of degeneration {unknown}
 k - a potion of attraction {unknown}
 o - a potion of brilliance {unknown}
 p - a potion of heal wounds {unknown}
 q - a potion of cancellation {unknown}


   Skills:
 + Level 1.6 Fighting
 + Level 1.5 Armour
 - Level 1.7 Dodging
 - Level 1.7 Stealth
 + Level 2.6 Spellcasting
 - Level 0.8 Transmutations
 + Level 3.2 Earth Magic


You had 5 spell levels left.
You knew the following spells:

 Your Spells              Type           Power      Damage    Failure   Level
a - Sandblast             Erth           28%        2d8       13%         1
b - Passwall              Tmut/Erth      7%         N/A       32%         2

Your spell library contained the following spells:

 Spells                   Type           Power      Damage    Failure   Level
 Stone Arrow              Conj/Erth      16%        3d8       61%         3
 Petrify                  Tmut/Erth      9%         N/A       91%         4


Dungeon Overview and Level Annotations

Branches:
Dungeon (2/15) Zot: 9915

Altars:

Annotations:
D:2 Natasha


Innate Abilities, Weirdness & Mutations

Spells you cast may paralyse adjacent enemies.


Message History

Malevolent energies surge around you.
Unknown command.
No target in view!
Magic restored.
You now have 73 gold pieces (gained 16).
Natasha, Servant of Life and Death comes into view.
Natasha is nearby!
Natasha is nearby!
Natasha hisses angrily.
Found a rapier and a gold piece.
Natasha drinks a potion.
Natasha seems to grow stronger.
Casting: Sandblast (safe; 13% risk of failure)
Confirm with . or Enter, or press ? or * to list all spells.
Aiming: Sandblast (safe; 13% risk of failure)
Press: ? - help, Shift-Dir - straight line, f - Natasha
Aim: Natasha (strong, 77% to hit)
The blast of sand hits Natasha.
Natasha is lightly wounded.
Malevolent energies surge around you. Natasha claws you but does no damage.
Natasha casts a spell.
Casting: Sandblast (safe; 13% risk of failure)
Confirm with . or Enter, or press ? or * to list all spells.
Aiming: Sandblast (safe; 13% risk of failure)
Press: ? - help, Shift-Dir - straight line, f/p - Natasha
Aim: Natasha (lightly wounded, strong, 77% to hit)
The blast of sand misses Natasha.
Malevolent energies surge around you. Natasha claws you!
The shadow imp gestures at you. Pain shoots through your body!
Casting: Sandblast (safe; 13% risk of failure)
Confirm with . or Enter, or press ? or * to list all spells.
Aiming: Sandblast (safe; 13% risk of failure)
Press: ? - help, Shift-Dir - straight line, f/p - Natasha
Aim: Natasha (lightly wounded, strong, 77% to hit)
The blast of sand misses Natasha.
Malevolent energies surge around you. Natasha claws you!
* * * LOW HITPOINT WARNING * * *
The shadow imp gestures at you. Pain shoots through your body!
You die...

.#.# ..# ..# #.#
######## #.#
#...$..# #.#
#......#
#.###......#
#.#...5....##.
#######.....@h......
............#.......
####......###.....).
#....### .......
#....# ###.....$.
###.## .. .....#.
#.###.########
#...#.#.....
###.......# ##


You could see Natasha (strong) and a shadow imp (summoned).

Vanquished Creatures
  Terence (D:2)
  An adder (D:2)
  A dart slug (D:1)
  7 endoplasms
  4 giant cockroaches (D:1)
  2 goblins
  A hobgoblin (D:1)
  2 jackals (D:1)
  6 kobolds
  A quokka (D:1)
  4 ball pythons
  2 bats
  2 frilled lizards
  9 rats
43 creatures vanquished.

Notes
Turn   | Place    | Note
-------+----------+-------------------------------------------
     0 | D:1      | protoss039 the Demonspawn Earth Elementalist began the
                  | quest for the Orb.
     0 | D:1      | Reached XP level 1. HP: 13/13 MP: 3/3
   268 | D:1      | Gained mutation: Spells you cast may paralyse adjacent
                  | enemies. [demonic ancestry]
   268 | D:1      | Reached XP level 2. HP: 12/20 MP: 5/5
   495 | D:1      | Found a faded altar of an unknown god.
   563 | D:1      | Reached skill level 1 in Fighting
   576 | D:1      | Reached skill level 3 in Earth Magic
   908 | D:1      | Reached skill level 1 in Armour
   997 | D:1      | Reached XP level 3. HP: 25/26 MP: 3/6
  1246 | D:1      | Learned a level 2 spell: Passwall
  1332 | D:2      | Identified the +3 leather armour of the Writhing Gods
                  | {rElec rF- Int+2 Dex+2}
  1758 | D:2      | Noticed Terence
  1773 | D:2      | Killed Terence
  1781 | D:2      | Reached XP level 4. HP: 10/32 MP: 1/7
  2054 | D:2      | Noticed Natasha
  2061 | D:2      | Killed from afar by a shadow imp

Illustrated notes

Levels and vault maps discovered:
D:1:      dpeg_arrival_rooms_c, layout_rooms, chequers_ecumenical_altar_twisty
D:2:      layout_basic, uniq_terence, uniq_natasha

Skill      XL: |  1  2 |
---------------+-------+-----
Fighting       | 1 |  1.6
Earth Magic    | 3 |  3.2
Armour         | 1 |  1.5
Dodging        | |  1.7
Stealth        | |  1.7
Spellcasting   | |  2.6
Transmutations | |  0.8

Action                   |  1- 3 |  4- 6 || total
-------------------------+-------+-------++-------
Melee: Short sword       |    41 |       ||    41
       Unarmed           |     1 |       ||     1
       Dagger            |    29 |       ||    29
       Punch             |     1 |       ||     1
 Cast: Sandblast         |    33 |     6 ||    39
Evoke: Wand              |     1 |       ||     1
 Stab: Paralysed         |     3 |       ||     3
       Sleeping          |     1 |       ||     1
Armor: Ring mail         |    41 |     1 ||    42
Dodge: Dodged            |    41 |       ||    41
